 Dungeon Crawl Stone Soup version 0.28-a0-1444-g6c55d0bc0c (webtiles) character file.

Game seed: 16263346122169729964

112 Deminshera the Conjurer (level 4, -9/33 HPs)
             Began as a Demonspawn Wanderer on Jan 10, 2022.
             Splashed by a jelly's acid (11 damage)
             ... on level 4 of the Dungeon.
             The game lasted 00:02:40 (3335 turns).

Deminshera the Conjurer (Demonspawn Wanderer)       Turns: 3335, Time: 00:02:41

Health: -9/33      AC:  5    Str: 10    XL:     4   Next: 64%
Magic:  8/8        EV:  1    Int: 17    God:
Gold:   33         SH:  5    Dex: 13    Spells: 8/9 levels left

rFire   . . .      SeeInvis .   e - +1 dagger (elec)
rCold   + . .      Faith    .   (no shield)
rNeg    . . .      Spirit   .   f - +2 plate armour {rC+}
rPois   .          Reflect  +   (helmet restricted)
rElec   .          Harm     .   c - +0 cloak
rCorr   .          Rampage  .   (no gloves)
Will    .....                   (no boots)
Stlth   ..........              m - amulet of reflection
HPRegen 0.11/turn               (no ring)
MPRegen 0.11/turn               (no ring)

@: corroded
A: antennae 1, foul stench 1
a: no special abilities


You were on level 4 of the Dungeon.
You visited 1 branch of the dungeon, and saw 4 of its levels.

You collected 129 gold pieces.
You spent 96 gold pieces at shops.

Inventory:

Hand Weapons
 e - a +1 dagger of electrocution (weapon)
Armour
 c - a +0 cloak (worn)
 f - a +2 plate armour of cold resistance (worn)
Jewellery
 m - an amulet of reflection (around neck)
Wands
 n - a wand of acid (14)
 p - a wand of mindburst (8)
 q - a wand of iceblast (14)
Scrolls
 a - a scroll of blinking {unknown}
 b - a scroll of fear {unknown}
 d - 5 scrolls of identify {unknown}
 i - a scroll of teleportation {unknown}
 k - a scroll of immolation {unknown}
Potions
 g - 2 potions of flight {unknown}
 h - a potion of resistance {unknown}
 j - a potion of lignification {unknown}
 l - a potion of haste {unknown}
 o - a potion of magic {unknown}


   Skills:
 + Level 2.2 Fighting
 + Level 2.0 Short Blades
 - Level 1.0 Armour
 - Level 1.0 Dodging
 - Level 1.7 Stealth
 - Level 3.3 Spellcasting
 - Level 3.3 Conjurations
 - Level 1.0 Evocations


You had 8 spell levels left.
You knew the following spells:

 Your Spells              Type           Power      Damage    Failure   Level
a - Magic Dart            Conj           56%        1d5       100%        1

Your spell library contained the following spells:

 Spells                   Type           Power      Damage    Failure   Level
 Shock                    Conj/Air       32%        1d5       100%        1
 Blink                    Tloc           4%         N/A       100%        2
 Lesser Beckoning         Tloc           2%         N/A       100%        3
 Mephitic Cloud           Conj/Pois/Air  6%         N/A       100%        3
 Iskenderun's Mystic Bla  Conj/Tloc      8%         2d4       100%        4
 Sticky Flame             Conj/Fire      8%         2d3       100%        4
 Manifold Assault         Tloc           2%         N/A       100%        5


Dungeon Overview and Level Annotations

Branches:
Dungeon (4/15)
 Temple: D:4-7

Altars:

Shops:
D:2 [


Innate Abilities, Weirdness & Mutations

You have a pair of small antennae on your head.
You may rarely emit foul miasma when damaged in melee.


Message History

No target in view!
No target in view!
No target in view!
Found a stone staircase leading up.
o - a metallic grey potion No target in view!
p - a wand of mindburst (8) No target in view!
You now have 33 gold pieces (gained 5).
q - a wand of iceblast (14)
A jelly comes into view.
The jelly quivers.
A jelly is nearby!
A jelly is nearby!
You block the jelly's attack.
A jelly is nearby!
You hit the jelly.
Your hands burn!
The jelly is moderately wounded.
You hit the jelly. The acid corrodes you!
Your hands burn!
The jelly is heavily wounded.
The jelly hits you but does no damage.
You hit the jelly.
Your hands burn!
The jelly is heavily wounded.
The jelly hits you but does no damage.
You hit the jelly.
Your hands burn!
The jelly is heavily wounded.
You block the jelly's attack.
You hit the jelly but do no damage.
Your hands burn!
The jelly is heavily wounded.
The jelly hits you.
You are splashed with acid!
* * * LOW HITPOINT WARNING * * *
You are too injured to fight recklessly!
You are too injured to fight recklessly!
You hit the jelly.
Your hands burn!
* * * LOW HITPOINT WARNING * * *
The jelly is severely wounded.
The jelly hits you.
* * * LOW HITPOINT WARNING * * *
The acid corrodes you!
You are splashed with acid!
You die...

.# ########## .
#........# ##.
#........# #####<####
#........+ #.........
#........# #.###...##
#........####.#...#...
#..^.....#............
#..J@...............#
#......#####.##.#......(
#...... ......#.......
#...... #.##+##..<......
####+## # ......#.....
......+.....
......##.#+#
..[....[..[.
>...........


You could see a jelly.

Vanquished Creatures
  Jessica (D:3)
  5 adders
  A dart slug (D:4)
  10 ball pythons
  3 bats
  4 endoplasms
  2 giant cockroaches (D:2)
  2 goblins
  A hobgoblin (D:1)
  2 jackals (D:1)
  3 frilled lizards
  4 kobolds
  4 rats
42 creatures vanquished.

Vanquished Creatures (others)
  A plant (D:2)
1 creature vanquished.

Grand Total: 43 creatures vanquished

Notes
Turn   | Place    | Note
-------+----------+-------------------------------------------
     0 | D:1      | Deminshera the Demonspawn Wanderer began the quest for the
                  | Orb.
     0 | D:1      | Deminshera set off with the following items: a +0 dagger, a
                  | +0 robe, a +0 cloak; and the following spells available to
                  | memorise: Magic Dart, Shock, Mephitic Cloud, Iskenderun's
                  | Mystic Blast, Sticky Flame
     0 | D:1      | Reached XP level 1. HP: 13/13 MP: 4/4
     2 | D:1      | Learned a level 1 spell: Magic Dart
   364 | D:1      | Gained mutation: You may rarely emit foul miasma when
                  | damaged in melee. [demonic ancestry]
   364 | D:1      | Reached XP level 2. HP: 19/19 MP: 4/6
  1391 | D:2      | Reached XP level 3. HP: 7/25 MP: 7/7
  1903 | D:2      | Found Iptye's Antique Armour Shop.
  1922 | D:2      | Reached skill level 1 in Fighting
  1948 | D:2      | Bought a thick robe for 96 gold pieces
  1948 | D:2      | Identified the +1 robe of Dice, Bag, and Bottle {Str-3
                  | Dex+5} (You bought it in a shop on level 2 of the Dungeon)
  2236 | D:2      | Found a faded altar of an unknown god.
  2429 | D:3      | Reached skill level 1 in Short Blades
  2429 | D:3      | Reached skill level 1 in Dodging
  2485 | D:3      | Noticed a scorpion
  2485 | D:3      | Noticed a gnoll sergeant
  2581 | D:3      | Discovered your monstrous ancestry.
  2581 | D:3      | Gained mutation: You have a pair of small antennae on your
                  | head. [demonic ancestry]
  2581 | D:3      | Reached XP level 4. HP: 23/33 MP: 8/8
  3020 | D:3      | Noticed Jessica
  3035 | D:3      | Killed Jessica
  3335 | D:4      | Splashed by a jelly's acid

Illustrated notes

Levels and vault maps discovered:
D:1:      amcnicky_arrival_flooded_fountain, layout_loops_corners
D:2:      layout_basic, dreamdust_ecumenical_altar_statues, serial_shops,
          nicolae_shop_overgrown_old_shop, palyth_stone_intersect
D:3:      layout_basic, lightli_corner_chamber, uniq_jessica
D:4:      layout_basic, zin_statuary

Skill      XL: |  1  2  3  4 |
---------------+-------------+-----
Fighting       | 1 2 |  2.2
Short Blades   | 1 2 |  2.0
Dodging        | 1 |  1.0
Armour         | |  1.0
Stealth        | |  1.7
Spellcasting   | |  3.3
Conjurations   | |  3.3
Evocations     | |  1.0

Action                   |  1- 3 |  4- 6 || total
-------------------------+-------+-------++-------
Melee: Dagger            |   117 |    29 ||   146
       Punch             |     2 |       ||     2
 Cast: Magic Dart        |    17 |       ||    17
Armor: Robe              |     1 |       ||     1
       Plate armour      |    84 |    26 ||   110
Dodge: Dodged            |     8 |       ||     8
Block: Other             |    13 |     6 ||    19

Table legend: (Time is in decaauts)
 A = Elapsed time spent in this place.
 B = Non-inter-level travel time spent in this place.
 C = Inter-level travel time spent in this place.
 D = Time resting spent in this place.
 E = Time spent auto-exploring this place.
 F = Levels seen in this place.
 G = Mean time per level.
                   A        B        C        D        E       F      G
               +--------+--------+--------+--------+--------+-----+--------+
         Total |   3332 |   3260 |     72 |    483 |   2425 |   4 |  833.0 |
       Dungeon |   3332 |   3260 |     72 |    483 |   2425 |   4 |  833.0 |
               +--------+--------+--------+--------+--------+-----+--------+

Top non-repeatable levels by time:
     D:2: 1165 daAuts
     D:1: 1104 daAuts
     D:3: 1014 daAuts
     D:4: 48 daAuts
